Match 45205113
Unlisted

Match 45205113
End
Construct Infanterie Kompanie
Selects Italian Coastal Battlegroup
Selects Coastal Reserves
Coastal Reserve
MG 42 Machine Gun Team
Coastal Reserve
Coastal Reserve
Construct Luftwaffe Kompanie
Selects Designate Defensive Line
Flak 30 Anti-aircraft Gun Team
MG 42 Bunker
Construct Panzergrenadier Kompanie
Medical Bunker
Selects Artillery Officer
Pak 40 Anti-tank Gun Team
Support Elements
Flak 30 Anti-aircraft Gun Team
StuG III G Assault Gun
Designate Defensive Line
Nebelwerfer 42 Rocket Launcher Team
StuG III G Assault Gun
Selects Coastal Wall
StuG III G Assault Gun
MG 42 Bunker
Artillery Officer
Medical Bunker
Construct Panzer Kompanie
AI
OCTAVOR1
CDYPEED
grimeroyal
PapaLegba
zdaig0093
enfield141
X祈蝶凤舞X
0
0

Comments sign in to comment!

No comments posted yet!